 Dungeon Crawl Stone Soup version 0.30.0-29-ga12c61a403 (webtiles) character file.

Game seed: 7039413138174819205

42 bmack86 the Chopper (level 3, -1/31 HPs)
             Began as a Minotaur Fighter on June 5, 2023.
             Slain by a gnoll
             ... wielding a +0 heavy spear
              (4 damage)
             ... on level 2 of the Dungeon.
             The game lasted 00:01:59 (647 turns).

bmack86 the Chopper (Minotaur Fighter)               Turns: 647, Time: 00:02:00

Health: -1/31      AC:  8    Str: 22    XL:     3   Next: 33%
Magic:  2/2        EV:  9    Int:  5    God:
Gold:   76         SH:  4    Dex:  9    Spells: 2/2 levels left

rFire   . . .        a - +0 war axe
rCold   . . .        c - +0 buckler
rNeg    . . .        b - +0 scale mail
rPois   .            (helmet restricted)
rElec   .            (no cloak)
rCorr   .            e - +0 pair of gloves
SInv    .            (no boots)
Will    .....        (no amulet) Stlth
                     (no ring)
HPRegen 0.25/turn    (no ring)
MPRegen 0.08/turn

%: no passive effects
@: no status effects
A: horns 2, retaliatory headbutt
a: no special abilities


You were on level 2 of the Dungeon.
You visited 1 branch of the dungeon, and saw 2 of its levels.

You collected 76 gold pieces.

Inventory:

Hand Weapons
 a - a +0 war axe (weapon)
Armour
 b - a +0 scale mail (worn)
 c - a +0 buckler (worn)
 e - a +0 pair of gloves (worn)
Scrolls
 f - 2 scrolls of identify {unknown}
 g - a scroll of enchant armour {unknown}
 j - a scroll of magic mapping {unknown}
Potions
 d - a potion of might
 h - a potion of flight {unknown}
 i - a potion of curing {unknown}


   Skills:
 - Level 3.6 Fighting
 + Level 4.6 Axes
 - Level 3.6 Armour
 - Level 3.6 Shields


You had 2 spell levels left.
You didn't know any spells.
Your spell library was empty.

Dungeon Overview and Level Annotations

Branches:
Dungeon (2/15)

Altars:


Innate Abilities, Weirdness & Mutations

You have a pair of horns on your head.
You reflexively headbutt those who attack you in melee.


Message History

The gnoll hits you from afar with a +3 spear.
You block the gnoll's attack.
You slash the gnoll!
The gnoll is almost dead.
The gnoll barely misses you. The gnoll hits you with a +0 spear.
You barely miss the gnoll. Your headbutt misses the gnoll.
The gnoll is almost dead.
The gnoll hits you from afar with a +3 spear!
The gnoll barely misses you.
You hit the gnoll.
You kill the gnoll!
The gnoll hits you but does no damage.
You have reached level 3!
Your experience leads to an increase in your attributes!
Increase (S)trength, (I)ntelligence, or (D)exterity?
You feel stronger. x2
The rat bites you but does no damage.
You hit the rat.
You kill the rat!
The gnoll completely misses you. The gnoll closely misses you.
You block the gnoll's attack.
You completely miss the gnoll.
The gnoll shouts!
The gnoll hits you with a +3 spear.
The gnoll hits you from afar with a +0 heavy spear.
You barely miss the gnoll. You headbutt the gnoll!
The gnoll is almost dead.
The gnoll hits you with a +3 spear.
* * * LOW HITPOINT WARNING * * *
You slash the gnoll!
You kill the gnoll!
The gnoll hits you from afar with a +0 heavy spear.
* * * LOW HITPOINT WARNING * * *
The gnoll closely misses you.
Things that are here:
a +3 spear; a +0 spear; a gnoll corpse You hit the gnoll.
The gnoll is heavily wounded.
The gnoll hits you with a +0 heavy spear.
You die...

# ## ## .. .##
##### ###. ..#
##...# #.. ..#
#..#.### #.# ..#
###.##...####.#
..#
#...####.g@..†#
..#
##.####....####..#
.#####..# #.#..#
.##
....##.###...##.#
.# ...........#
#.# ##
...(...##### ...
....##...# ...
#.###...## ..P.
#.# .###


PP.gg You could see a gnoll.

Vanquished Creatures
  3 gnolls
  An endoplasm (D:1)
  A goblin (D:1)
  2 hobgoblins
  A ball python (D:1)
  3 bats
  A frilled lizard (D:2)
  A kobold (D:1)
  A rat (D:2)
14 creatures vanquished.

Notes
Turn   | Place    | Note
-------+----------+-------------------------------------------
     0 | D:1      | bmack86 the Minotaur Fighter began the quest for the Orb.
     0 | D:1      | Reached XP level 1. HP: 19/19 MP: 0/0
   224 | D:1      | Reached skill level 3 in Axes
   224 | D:1      | Reached XP level 2. HP: 12/26 MP: 1/1
   628 | D:2      | Reached skill level 4 in Axes
   640 | D:2      | Reached XP level 3. HP: 14/31 MP: 2/2
   647 | D:2      | Slain by a gnoll

Illustrated notes

Levels and vault maps discovered:
D:1:      giann_bridges, layout_rooms, palyth_stone_intersect,
          dreamdust_princess_bridge
D:2:      layout_rooms, st_stairs_3, nicolae_grassy_gnolls

Skill      XL: |  1  2 |
---------------+-------+-----
Axes           | 3 4 |  4.6
Fighting       | |  3.6
Armour         | |  3.6
Shields        | |  3.6

Action                     || total
---------------------------++-------
  Melee: War axe           ||    36
         Headbutt          ||     3
 Armour: Scale mail        ||    18
  Dodge: Dodged            ||    22
  Block: Buckler           ||    12
